 Dungeon Crawl Stone Soup version 0.31.0-1-g2c135a008e (webtiles) character file.

Game seed: 12685864030346927929

277 qw the Shooter (level 6, -2/46 HPs)
             Began as a Djinni Hunter on Jan 24, 2024.
             Slain by a gnoll
             ... wielding a +0 spear
             ... led by a gnoll bouda
              (5 damage)
             ... on level 4 of the Dungeon.
             The game lasted 00:00:09 (2457 turns).

qw the Shooter (Djinni Hunter)                      Turns: 2457, Time: 00:00:09

Health: -2/46      AC:  5    Str: 10    XL:     6   Next: 51%
Gold:   181        EV: 11    Int: 10    God:
                   SH:  0    Dex: 19

rFire   + + .        a - +0 shortbow (chaos)
rCold   x . .        (shield currently unavailable)
rNeg    . . .        h - +0 ring mail
rPois   inf          (no helmet)
rElec   .            (no cloak)
rCorr   +            (no gloves)
SInv    .            (boots unavailable)
Will    .....        (no amulet)
Stlth   +            d - ring of resist corrosion
HPRegen 0.27/turn    (no ring)
MPRegen 0.00/turn

%: infuse magic (-3 HP)
@: weakened, flying
A: sickness immunity, fire resistance 2, cold vulnerability 1, float, innate
caster, HP casting, extra vitality 1
a: no special abilities


You were on level 4 of the Dungeon.
You visited 1 branch of the dungeon, and saw 4 of its levels.

You collected 181 gold pieces.


Innate Abilities, Weirdness & Mutations

You are immune to sickness and miasma.
You are immune to poison.
Your flesh is very heat resistant. (rF++)
You are vulnerable to cold. (rC-)
You float through the air rather than walking.
You learn spells naturally, not from books.
Your magical power is your life essence.
You have superior vitality. (+4 MHP)


   Skills:
 + Level 3.0 Fighting
 - Level 5.3 Ranged Weapons
 - Level 1.0 Armour
 - Level 3.1 Dodging
 - Level 0.7 Stealth


You knew the following spells:

 Your Spells              Type           Power      Damage    Failure   Level
a - Magic Dart            Conj           0%         1d3       67%         1
b - Lesser Beckoning      Tloc           0%         N/A       82%         2
Your spell library was empty.

Inventory:

Hand Weapons
 a - a +0 shortbow of chaos (weapon)
Armour
 h - a +0 ring mail (worn)
Jewellery
 d - a ring of resist corrosion (left hand)
Potions
 b - a potion of cancellation
 f - 3 potions of curing
 i - a potion of mutation {unknown}
 l - a potion of heal wounds {unknown}
 m - a potion of invisibility {unknown}

Dungeon Overview and Level Annotations

Branches:
Dungeon (4/15)
 Temple: D:4-7

Altars:

Annotations:
D:3 2 transporters, qw's ghost, amateur DjHu


Message History

You feel as though you will be weak longer.
The gnoll bouda hits you with a +0 club.
You shoot an arrow. The arrow hits the gnoll bouda!
The gnoll bouda is severely wounded.
A gnoll comes into view. It is wielding a +0 club.
The gnoll misses you.
The gnoll bouda gazes fiercely through you!
You feel as though you will be weak longer.
The gnoll bouda barely misses you.
You shoot an arrow.
The arrow hits the gnoll bouda but does no damage.
The gnoll bouda is poisoned.
The gnoll bouda is severely wounded.
The gnoll hits you from afar with a +0 spear.
The gnoll bouda hits you but does no damage.
You shoot an arrow.
The arrow closely misses the gnoll bouda.
The gnoll misses you.
The gnoll bouda barks out a call to the hunt!
The gnoll picks up the pace!
The gnoll barely misses you. x2
You shoot an arrow.
The arrow hits the gnoll bouda but does no damage.
The gnoll bouda is almost dead.
The gnoll bouda barely misses you. The gnoll barely misses you. x2
You shoot an arrow. The arrow hits the gnoll bouda.
You feel better.
You kill the gnoll bouda!
The gnoll hits you from afar with a +0 spear.
The gnoll closely misses you.
Your Dodging skill increases to level 3!
You shoot an arrow.
The arrow hits the gnoll but does no damage.
The gnoll hits you from afar with a +0 spear!
The gnoll hits you from afar with a +0 spear.
The gnoll hits you with a +0 club.
You shoot an arrow. The arrow hits the gnoll!
Lightning courses through the gnoll!
You kill the gnoll!
The gnoll hits you from afar with a +0 spear.
You die...

#......<#
####.####
#......#
#.##.#.# #
#...# #...#
# #...#
#.###..#
#g%@...#
...[..%)..##
....#######
.#.


You could see a gnoll (swift).

Vanquished Creatures
  A scorpion (D:4)
  A gnoll bouda (D:4)
  Jessica (D:2)
  5 gnolls
  5 adders
  3 dart slugs
  A ribbon worm (D:2)
  6 ball pythons
  5 bats
  3 endoplasms
  3 giant cockroaches
  3 goblins
  11 hobgoblins
  9 jackals
  2 frilled lizards (D:1)
  6 kobolds
  9 rats
74 creatures vanquished.

Notes
Turn   | Place    | Note
-------+----------+-------------------------------------------
     0 | D:1      | qw the Djinni Hunter began the quest for the Orb.
     0 | D:1      | Reached XP level 1. HP: 18/18 MP: 0/0
     0 | D:1      | 0 ||| qw: Version: 0.3-a-136-gdd3b4e8
     0 | D:1      | 0 ||| qw: Game counter: 1403
     0 | D:1      | 0 ||| qw: Melee chars always use a shield: true
     0 | D:1      | 0 ||| qw: God list: Okawaru
     0 | D:1      | 0 ||| qw: Allow faded altars: false
     0 | D:1      | 0 ||| qw: Do Orc after clearing Dungeon:15 true
     0 | D:1      | 0 ||| qw: Do second Lair branch before Depths: true
     0 | D:1      | 0 ||| qw: Lair rune preference: random
     0 | D:1      | 0 ||| qw: Goals: Normal
     0 | D:1      | 0 ||| PLANNING D:1-11
   109 | D:1      | Reached XP level 2. HP: 23/23 MP: 0/0
   320 | D:1      | Reached XP level 3. HP: 9/28 MP: 0/0
   320 | D:1      | Learned a level 1 spell: Magic Dart
   419 | D:1      | Reached skill level 4 in Ranged Weapons
   845 | D:1      | 845 ||| UPGRADING to +0 ring mail.
   855 | D:1      | 855 ||| DROPPING +0 leather armour.
   856 | D:1      | 856 ||| UPGRADING to ring of resist corrosion.
   857 | D:1      | 857 ||| READING 2 scrolls labelled WUOLE HEFOVI.
   858 | D:1      | 858 ||| READING 3 scrolls labelled JUMUEC HYCUTU.
   859 | D:1      | 859 ||| READING scroll labelled VOUKHLO NIKOE.
   859 | D:1      | 859 ||| IDENTIFYING bubbling cyan potion
   860 | D:1      | 860 ||| DRINKING 2 dark potions.
   861 | D:1      | 861 ||| DROPPING scroll of butterflies.
   862 | D:1      | 862 ||| DROPPING scroll of amnesia.
   863 | D:1      | 863 ||| DROPPING potion of ambrosia.
   864 | D:1      | 864 ||| DROPPING 2 scrolls of fear.
   931 | D:2      | Reached XP level 4. HP: 34/34 MP: 0/0
   961 | D:2      | Reached skill level 1 in Armour
   973 | D:2      | Noticed Jessica
   979 | D:2      | Reached skill level 3 in Fighting
   980 | D:2      | Killed Jessica
  1512 | D:2      | Reached XP level 5. HP: 40/40 MP: 0/0
  1512 | D:2      | Learned a level 2 spell: Lesser Beckoning
  1681 | D:2      | 1681 ||| READING scroll of identify.
  1681 | D:2      | 1681 ||| IDENTIFYING glowing black potion
  1682 | D:2      | 1682 ||| READING 2 scrolls labelled FOF TETYBUXOCH.
  1683 | D:2      | 1683 ||| READING scroll labelled ZUUBAKHL JUDICO.
  1683 | D:2      | 1683 ||| ENCHANTING +0 shortbow.
  1684 | D:2      | 1684 ||| READING scroll labelled SILOLUNICA.
  1684 | D:2      | 1684 ||| BRANDING +0 shortbow.
  1685 | D:2      | 1685 ||| READING scroll labelled IRI XEBIRU.
  1686 | D:2      | 1686 ||| READING scroll labelled QYDELO ZOLOOM.
  1787 | D:2      | 1787 ||| DROPPING scroll of immolation.
  2283 | D:3      | Noticed qw's ghost (amateur DjHu)
  2286 | D:3      | Found a transporter.
  2302 | D:3      | Found a transporter.
  2376 | D:3      | 2376 ||| READING scroll of identify.
  2376 | D:3      | 2376 ||| IDENTIFYING sedimented puce potion
  2377 | D:3      | 2377 ||| DROPPING potion of degeneration.
  2432 | D:4      | Reached skill level 5 in Ranged Weapons
  2432 | D:4      | Reached XP level 6. HP: 40/46 MP: 0/0
  2456 | D:4      | Reached skill level 3 in Dodging
  2456 | D:4      | HP: 7/46 [gnoll/+0 spear[a gnoll bouda] (8)]
  2456 | D:4      | HP: 2/46 [gnoll/+0 club[a gnoll bouda] (3)]
  2457 | D:4      | Slain by a gnoll

Levels and vault maps discovered:
D:1:      onia_arrival_handbag, layout_basic, minivault_14,
          minmay_misc_feat_nine_boxes
D:2:      layout_loops_corners, uniq_jessica
D:3:      layout_loops_ring, gammafunk_ghost_arena, minmay_misc_feat_enclosed,
          minivault_27, hex_medium, nicolae_the_louvre
D:4:      layout_loops_cross, vehumet_statue,
          minmay_temple_entry_enclosed_plants, serial_shops, shop

Skill      XL: |  1  2  3  4  5  6 |
---------------+-------------------+-----
Ranged Weapons | 4 5 |  5.3
Armour         | 1 |  1.0
Fighting       | 3 |  3.0
Dodging        | 3 |  3.1
Stealth        | |  0.7

Action                     |  1- 3 |  4- 6 || total
---------------------------+-------+-------++-------
   Fire: Shortbow          |   102 |   103 ||   205
    Use: Scroll            |     3 |     7 ||    10
         Potion            |     1 |       ||     1
 Armour: Leather armour    |    22 |       ||    22
         Ring mail         |     1 |    35 ||    36
  Dodge: Dodged            |    27 |    34 ||    61

Table legend:
 A = Non-vault XP
 B = Vault XP
 C = Vault XP percentage of total XP
 D = Non-vault monster count
 E = Vault monster count
 F = Vault count percentage of total count
                 A         B        C        D         E       F
            +---------+---------+-------+---------+---------+-------
      Total |     370 |      41 |  10.0 |      69 |       5 |   6.8
            +---------+---------+-------+---------+---------+-------
        D:1 |      55 |       4 |   6.8 |      31 |       4 |  11.4
        D:2 |      50 |      37 |  42.5 |      16 |       1 |   5.9
        D:3 |      81 |       0 |   0.0 |      12 |       0 |   0.0
        D:4 |     184 |       0 |   0.0 |      10 |       0 |   0.0
            +---------+---------+-------+---------+---------+-------
